AoeStats
← Theminer

Four Lakes

509973580Analyzed
1v1 RM · 4d ago on Sep 28, 2026· 45m 53s· 2 players
Game mode
Random Map
Map size
Tiny (2 player)
Population
200
Speed
Normal
Resources
Standard
Victory
Conquest
Starting age
Dark Age
Ending age
Imperial Age
RankedLock teamsTeams togetherTeam positionsShared explorationLock speedFull tech treeHidden civsTurbo modeCheats
Victory
Defeat
🇨🇦 Varangians · Canada
1196
+16
🇦🇷 Bohemians · Argentina
1195
-16
Theminer
10:52 Feudal Age
15:42 Castle Age
14:22 Loom
14:57 Double-Bit Axe
14:53 Horse Collar
18:15 Chemistry
18:29 Wheelbarrow
34:35 Imperial Age
46:39 Ballistics
StrangeThing4
10:36 Feudal Age
11:02 Fishing Lines
11:09 Double-Bit Axe
15:15 Castle Age
13:54 Scale Mail Armor
13:54 Loom
14:41 Arson
15:42 Forging
16:35 Bow Saw
16:30 Gillnets
17:36 Squires
21:24 Wheelbarrow
21:02 Gambesons
22:06 Chain Mail Armor
22:17 Horse Collar
23:33 Hand Cart
25:27 Masonry
26:17 Town Watch
29:33 Fervor
31:13 Town Patrol
35:14 Imperial Age
32:52 Heavy Plow
32:44 Gold Mining
32:45 Stone Mining
33:44 Murder Holes
35:16 Iron Casting
34:52 Treadmill Crane
37:02 Conscription
36:13 Gothikon
36:44 Elite Varangian Guard
39:03 Siege Engineers
41:00 Chemistry
39:52 Fletching
41:14 Onager
42:38 Ballistics
42:49 Architecture
43:17 Crop Rotation
43:59 Two-Man Saw
43:25 Devotion
44:25 Stone Shaft Mining
45:07 Medium Warships
Connection lost

Rejoining the realm…

Still unreachable

The connection could not be restored.

Session expired

The server has moved on; the page needs a fresh start.